[Event "*** Titled Tuesday Blitz"]
[Site "Chess.com"]
[Date "2020.05.26"]
[Round "5"]
[White "Zhuu96"]
[Black "DaggiGretarsson"]
[Result "1-0"]
[WhiteElo "2847"]
[BlackElo "2618"]
[TimeControl "180+1"]
[EndTime "10:54:17 PDT"]
[Termination "Zhuu96 won by resignation"]

1. e4 g6 2. d4 Bg7 3. Nc3 d6 4. Be3 a6 5. Qd2 b5 6. f3 Nd7 7.
h4 h6 8. h5 g5 9. Nge2 e6 10. d5 Bb7 11. Nd4 Qe7 12. a4 b4 13.
Nd1 exd5 14. Nf5 Qf8 15. Qxb4 Bc6 16. Bd4 Bxd4 17. Nxd4 Rb8 18. Qc3 Ba8 19. Bxa6 Ngf6 20. Bb5 c5 21. Nf5 d4 22. Qa5 1-0

[Event "*** Titled Tuesday Blitz"]
[Site "Chess.com"]
[Date "2020.05.26"]
[Round "5"]
[White "MilanJeremic"]
[Black "Koalaskakistis"]
[Result "0-1"]
[WhiteElo "2236"]
[BlackElo "2447"]
[TimeControl "180+1"]
[EndTime "10:54:20 PDT"]
[Termination "Koalaskakistis won by resignation"]

1. d4 f5 2. Nf3 Nf6 3. g3 e6 4. Bg2 Be7 5. Bg5 O-O 6. c3 h6 7.
Bxf6 Bxf6 8. O-O d6 9. e3 e5 10. dxe5 dxe5 11. Qb3+ Kh8 12. Rd1 Qe7 13. Na3 c6 14. Rd2 Be6 15. Qc2 Nd7 16. Bf1 Rad8 17.
Bc4 e4 18. Nd4 Bxc4 19. Nxc4 g6 20. Kg2 Nc5 21. h4 Nd3 22. b4 Bxd4 23. exd4 f4 24. Rxd3 exd3 25. Qxd3 fxg3 26. Qxg3 Qe4+ 27. Kh2 Rf3 28.
Qg2 Rdf8 29. Rf1 Qxh4+ 30. Kg1 R3f5 31. Ne5 Rg5 32. Nxg6+ Rxg6 33. Qxg6 Rg8 34. Qxg8+ Kxg8 35. Re1 Qg4+ 36. Kh2 Qf3 37. Kg1 Qxc3 38. Re7 Qxb4 0-1

[Event "*** Titled Tuesday Blitz"]
[Site "Chess.com"]
[Date "2020.05.26"]
[Round "5"]
[White "Tacticusbd"]
[Black "Leo_C"]
[Result "1-0"]
[WhiteElo "2419"]
[BlackElo "2270"]
[TimeControl "180+1"]
[EndTime "10:54:23 PDT"]
[Termination "Tacticusbd won by resignation"]

1. e4 c5 2. b3 Nc6 3. Bb2 e5 4.
Bb5 Nge7 5. Ne2 a6 6. Bxc6 Nxc6 7. O-O Be7 8. Nbc3 O-O 9. f4 d6 10. f5 Nd4 11. Ng3 Bd7 12. Nd5 f6 13. c3 Nb5 14. Ne3 Bc6 15. Qg4 Nc7 16. d4 cxd4 17. cxd4 exd4 18. Bxd4 d5 19. Nh5 Rf7 20. e5 Ne8 21. e6 Rf8 22. Rac1 Kh8 23. Rf3 Rg8 24. Nf4 g5 25. fxg6 h6 26. Rh3 Kg7 27. Rxh6 Kf8 28. Rh7 1-0

[Event "*** Titled Tuesday Blitz"]
[Site "Chess.com"]
[Date "2020.05.26"]
[Round "5"]
[White "RATNAKARAN"]
[Black "Sam_ChessMood"]
[Result "1/2-1/2"]
[WhiteElo "2546"]
[BlackElo "2850"]
[TimeControl "180+1"]
[EndTime "10:54:25 PDT"]
[Termination "Game drawn by repetition"]

1. e4 c5 2. Nf3 d6 3. c3 Nf6 4. h3 g6 5. g4 Bg7 6. g5 Nh5 7.
d4 O-O 8. Be2 e5 9. dxc5 dxc5 10. Qxd8 Rxd8 11. Be3 b6 12. Nbd2 Nc6 13. O-O-O Bb7 14.
Nc4 Ba6 15. Rxd8+ Rxd8 16. Rd1 Rxd1+ 17. Kxd1 Nf4 18. Bxf4 exf4 19. Nd6 Ne5 20. Nxe5 Bxe5 21. Bxa6 Bxd6 22. Ke2 Kf8 23. Kd3 Ke7 24. Bc4 Be5 25. Bd5 Bg7 26. f3 f6 27. gxf6+ Bxf6 28. Kc4 Kd6 29. Bg8 h6 30. Bf7 g5 31. a4 a5 32. Kb5 Kc7 33. Bg6 Be5 34. Kc4 Kd6 35.
Kb5 Kc7 36. Kc4 Kd6 37. Kb5 Kc7 1/2-1/2

[Event "*** Titled Tuesday Blitz"]
[Site "Chess.com"]
[Date "2020.05.26"]
[Round "5"]
[White "tsvet2005"]
[Black "GMSrinath"]
[Result "0-1"]
[WhiteElo "2526"]
[BlackElo "2817"]
[TimeControl "180+1"]
[EndTime "10:54:27 PDT"]
[Termination "GMSrinath won by checkmate"]

1. d4 Nf6 2. c4 e6 3. Nc3 Bb4 4. f3 d5 5. a3 Bxc3+ 6. bxc3 c5 7. cxd5 Nxd5 8. dxc5 Qa5 9. e4 Ne7 10. Be3 O-O 11. Kf2 Nd7 12. Qb3 Qc7 13. Qc4 Ne5 14. Qa4 f5 15. Nh3 Bd7 16. Qc2 fxe4 17. Qxe4 Bc6 18. Qc2 Nxf3 19. Ke2 Qe5 20. Nf2 Nd5 21. Ng4 Nxc3+ 22. Kd3 Bb5# 0-1

[Event "*** Titled Tuesday Blitz"]
[Site "Chess.com"]
[Date "2020.05.26"]
[Round "5"]
[White "grunbergmihai"]
[Black "Gurvich_Vitaly"]
[Result "0-1"]
[WhiteElo "2376"]
[BlackElo "2549"]
[TimeControl "180+1"]
[EndTime "10:54:30 PDT"]
[Termination "Gurvich_Vitaly won by resignation"]

1. Nf3 Nf6 2. c4 g6 3. g3 Bg7 4. Bg2 O-O 5. O-O d6 6. d4 Bg4 7.
Nc3 Nc6 8. h3 Bxf3 9. Bxf3 Nd7 10.
e3 e5 11. d5 Ncb8 12. Bg2 f5 13. Qc2 e4 14. Ne2 a5 15. Nf4 Nc5 16. h4 Nbd7 17. Bd2 Qe7 18. Bc3 Bxc3 19. Qxc3 Ne5 20. b3 h6 21. Rfd1 g5 22. hxg5 hxg5 23. Ne2 Nf3+ 24.
Bxf3 exf3 25. Nd4 g4 26. Ne6 Qh7 27. Nf4 Ne4 28. Qd3 Rf6 29. Ng2 fxg2 30. Kxg2 Rh6 31. Rh1 Rxh1 32. Rxh1 Qxh1+ 0-1

[Event "*** Titled Tuesday Blitz"]
[Site "Chess.com"]
[Date "2020.05.26"]
[Round "5"]
[White "dpopadic"]
[Black "pfalcon1949"]
[Result "1-0"]
[WhiteElo "2383"]
[BlackElo "2056"]
[TimeControl "180+1"]
[EndTime "10:54:32 PDT"]
[Termination "dpopadic won by resignation"]

1. e4 e6 2. d4 d5 3. e5 c5 4. Qg4 Nc6 5. Nf3 Qb6 6. Bd3 Nxd4 7. Nxd4 cxd4 8. O-O Ne7 9. Nd2 Nc6 10. Re1 Nb4 11. Nb3 Nxd3 12. cxd3 Bd7 13. Nxd4 h5 14. Qf4 Bc5 15. Nb3 g5 16. Qf6 Rh6 17. Qxh6 Bxf2+ 18. Kh1 Bxe1 19. Bxg5 Ba4 20. Rxe1 Qf2 21. Rg1 Kd7 22.
Be3 Qxb2 23. Nc5+ 1-0

[Event "*** Titled Tuesday Blitz"]
[Site "Chess.com"]
[Date "2020.05.26"]
[Round "5"]
[White "Thee-Chessboy"]
[Black "AcsinteMatei"]
[Result "1-0"]
[WhiteElo "2523"]
[BlackElo "2348"]
[TimeControl "180+1"]
[EndTime "10:54:33 PDT"]
[Termination "Thee-Chessboy won by resignation"]

1. d4 Nf6 2. c4 e6 3. Nf3 Bb4+ 4.
Bd2 a5 5. g3 O-O 6. Bg2 d5 7.
O-O Be7 8. Qc2 b6 9. Ne5 Bb7 10. Nc3 Nbd7 11. Rad1 Qc8 12. Bf4 dxc4 13. Nxc4 Bxg2 14.
Kxg2 Qb7+ 15. f3 c5 16. dxc5 Nxc5 17. Bd6 Rac8 18. Bxe7 Qxe7 19. Nxb6 Rc6 20. Nc4 Qa7 21. Ne5 Rc7 22. Nb5 Qb6 23. Nxc7 Qxc7 24. Nd3 Na6 25.
Qxc7 Nxc7 26. Rc1 Nb5 27. Rc5 Nd4 28. Kf2 h6 29. Rfc1 Kh7 30. Rc8 Rxc8 31. Rxc8 Nd5 32. e4 Nb6 33. Rd8 Nc2 34. Rd6 Na4 35. Ra6 1-0

[Event "*** Titled Tuesday Blitz"]
[Site "Chess.com"]
[Date "2020.05.26"]
[Round "5"]
[White "S_Kalvaitis"]
[Black "manuellarrea"]
[Result "0-1"]
[WhiteElo "2316"]
[BlackElo "2179"]
[TimeControl "180+1"]
[EndTime "10:54:35 PDT"]
[Termination "manuellarrea won by resignation"]

1. e4 c5 2. Be2 Nc6 3. f4 g6 4. Nf3 Bg7 5. O-O d6 6. d3 Nf6 7. c3 O-O 8. h3 Rb8 9. Be3 b5 10.
Na3 a5 11. Nc2 b4 12. g4 Ba6 13. e5 Nd5 14. d4 Bxe2 15. Qxe2 bxc3 16. bxc3 Nxc3 17.
Qc4 Nxd4 18. Ncxd4 cxd4 19. Bxd4 Nb5 20. e6 Nxd4 21.
exf7+ Kh8 22. Nxd4 Rb4 23. Ne6 Qb6+ 24. Qc5 dxc5 25. Nxf8 Bxf8 26. a3 Rb2 27. Rad1 c4+ 28. Kh1 Qc6+ 0-1

[Event "*** Titled Tuesday Blitz"]
[Site "Chess.com"]
[Date "2020.05.26"]
[Round "5"]
[White "ChronicUnhappiness"]
[Black "Quiet_Desperation"]
[Result "1-0"]
[WhiteElo "2283"]
[BlackElo "2195"]
[TimeControl "180+1"]
[EndTime "10:54:35 PDT"]
[Termination "ChronicUnhappiness won by resignation"]

1. c4 Nf6 2. Nf3 e6 3. Nc3 d5 4.
e3 Be7 5. b3 O-O 6. Bb2 Nc6 7.
d4 Bb4 8. a3 Bxc3+ 9. Bxc3 Ne4 10. Bb2 f5 11. Bd3 f4 12. O-O Bd7 13. Nd2 Nxd2 14.
Qxd2 f3 15. gxf3 Rxf3 16. Be2 Rh3 17. f4 Qh4 18. Rf2 Qh6 19. Rg2 Rf8 20. Bg4 Rh4 21.
Kh1 Ne7 22. Rag1 dxc4 23. bxc4 Bc6 24. d5 exd5 25. Be6+ Kh8 26. Bxg7+ Qxg7 27. Rxg7 d4+ 28. R1g2 1-0

[Event "*** Titled Tuesday Blitz"]
[Site "Chess.com"]
[Date "2020.05.26"]
[Round "5"]
[White "TST2014"]
[Black "Zarikovs1999"]
[Result "1-0"]
[WhiteElo "2520"]
[BlackElo "2341"]
[TimeControl "180+1"]
[EndTime "10:54:38 PDT"]
[Termination "TST2014 won by resignation"]

1. d4 Nf6 2. c4 c5 3. d5 b5 4. cxb5 a6 5. bxa6 g6 6. Nc3 Bg7 7. e4 O-O 8. Nf3 Qa5 9. Bd2 Bxa6 10. Be2 e6 11. O-O Bxe2 12. Qxe2 Qa6 13. Qd1 exd5 14. e5 Ng4 15. Nxd5 Qb7 16. Bc3 Nc6 17. Nf6+ Nxf6 18. exf6 Bh6 19. Qd5 Rae8 20. Qxc5 Re6 21. Qd5 Rfe8 22.
a4 Qa6 23. Qxd7 Nb8 24. Qb5 Qa8 25. a5 Na6 26. Rae1 Nc7 27. Qc4 Nd5 28. Rxe6 Rxe6 29. Qh4 Bf8 30. Ng5 1-0

[Event "*** Titled Tuesday Blitz"]
[Site "Chess.com"]
[Date "2020.05.26"]
[Round "5"]
[White "yobdc"]
[Black "Shushik"]
[Result "1-0"]
[WhiteElo "2063"]
[BlackElo "2122"]
[TimeControl "180+1"]
[EndTime "10:54:38 PDT"]
[Termination "yobdc won by checkmate"]

1. c4 e6 2. g3 d5 3. d4 Nf6 4.
Bg2 Be7 5. Nf3 O-O 6. Qc2 c6 7. O-O b6 8. Rd1 Nbd7 9. Nc3 Ba6 10. b3 Rc8 11. e4 dxe4 12. Nxe4 Nxe4 13. Qxe4 Nf6 14.
Qe1 Qc7 15. Bf4 Bd6 16. Ne5 Rfd8 17. Nxc6 Bxf4 18. Nxd8 Bd6 19. Nc6 Bb7 20. d5 Bc5 21. b4 Bf8 22. a3 exd5 23. cxd5 Nxd5 24. Bxd5 Bxc6 25. Rac1 Qb7 26. Rxc6 Rxc6 27. b5 Qc7 28. bxc6 b5 29. Qe8 a6 30. Qxf7+ Qxf7 31. Bxf7+ Kxf7 32. c7 Bxa3 33. c8=Q b4 34. Rd7+ Kf6 35. Qc6+ Ke5 36. Rd5+ Ke4 37. Qc4+ Kf3 38. Rf5# 1-0

[Event "*** Titled Tuesday Blitz"]
[Site "Chess.com"]
[Date "2020.05.26"]
[Round "5"]
[White "chenrip"]
[Black "powermove"]
[Result "1-0"]
[WhiteElo "2282"]
[BlackElo "1752"]
[TimeControl "180+1"]
[EndTime "10:54:39 PDT"]
[Termination "chenrip won by resignation"]

1. e4 c5 2. Nf3 g6 3. Nc3 Bg7 4. Bc4 Nc6 5. d3 e6 6. Be3 b6 7. Qd2 Nd4 8. Bxd4 cxd4 9. Ne2 e5 10. O-O Qe7 11. Bd5 Rb8 12. h3 Nf6 13. Bb3 O-O 14. Qg5 Kh8 15. Qxe5 Qxe5 16. Nxe5 Kg8 17. Nf3 d6 18. Nexd4 Bd7 19. c3 a6 20. e5 dxe5 21.
Nxe5 Rbc8 22. Rfe1 Rc7 23. Ndf3 Bc8 24. d4 Bb7 25.
Nd2 b5 26. a3 Nd5 27. g3 Bh6 28. Ne4 Kg7 29. Nc5 f6 30. Ned7 1-0

[Event "*** Titled Tuesday Blitz"]
[Site "Chess.com"]
[Date "2020.05.26"]
[Round "5"]
[White "grzechu96"]
[Black "mishikomchedlishvili"]
[Result "0-1"]
[WhiteElo "2613"]
[BlackElo "2833"]
[TimeControl "180+1"]
[EndTime "10:54:41 PDT"]
[Termination "mishikomchedlishvili won by resignation"]

1. e4 c5 2. Nf3 e6 3. b3 a6 4. Bb2 Nc6 5. c4 Qc7 6. g3 Nf6 7. e5 Ng4 8. Qe2 b6 9. Bg2 Bb7 10. O-O Be7 11. h3 Nh6 12. Nc3 Nf5 13. Ne4 O-O 14. Nf6+ Kh8 15. Ng5 h6 16. Qh5 Bxf6 17.
exf6 g6 18. Nxf7+ Rxf7 19. Qxg6 d6 20. g4 Rg8 21. Qh5 Rg5 22. Qxg5 hxg5 23. gxf5 e5 24. f4 gxf4 25. Rae1 Nd4 0-1

[Event "*** Titled Tuesday Blitz"]
[Site "Chess.com"]
[Date "2020.05.26"]
[Round "5"]
[White "gilbert_gm"]
[Black "ViktoriyaTarasova"]
[Result "1-0"]
[WhiteElo "2641"]
[BlackElo "2266"]
[TimeControl "180+1"]
[EndTime "10:54:41 PDT"]
[Termination "gilbert_gm won by resignation"]

1. e4 c5 2. Nf3 d6 3. d4 cxd4 4. Nxd4 Nf6 5. Nc3 a6 6. Bg5 e6 7. Qd2 Qb6 8. O-O-O Be7 9. f3 Qc7 10. g4 Nbd7 11. h4 b5 12. h5 h6 13. Be3 Nb6 14.
a3 Nc4 15. Bxc4 Qxc4 16. Nb3 a5 17. Qd4 Qc6 18. Qb6 Qxb6 19. Bxb6 b4 20. Nb5 O-O 21. Nxd6 bxa3 22. bxa3 a4 23. Nc5 Ne8 24. Nxc8 Rxc8 25. Nd7 Bxa3+ 26. Kb1 Nf6 27. Nxf8 Rb8 28. Nxe6 Rxb6+ 29. Ka2 Be7 30. Nd4 a3 31. Rb1 Rd6 32. Nf5 Rd7 33.
Rhd1 1-0

[Event "*** Titled Tuesday Blitz"]
[Site "Chess.com"]
[Date "2020.05.26"]
[Round "5"]
[White "SARGISMV"]
[Black "RobPeresian"]
[Result "1/2-1/2"]
[WhiteElo "2428"]
[BlackElo "2315"]
[TimeControl "180+1"]
[EndTime "10:54:42 PDT"]
[Termination "Game drawn by agreement"]

1. d4 d5 2. c4 c6 3. Nc3 Nf6 4. e3 a6 5. Nf3 Bg4 6. Qb3 Ra7 7. Ne5 Bf5 8. a4 e6 9. a5 Nbd7 10. Nxd7 Nxd7 11. Bd2 Bd6 12. Be2 O-O 13. O-O Nf6 14.
h3 h6 15. Rfd1 Qe7 16. Be1 Raa8 17. Bd3 Bxd3 18. Rxd3 dxc4 19. Qxc4 e5 20. dxe5 Qxe5 21. f4 Qe7 22. Rad1 Rfd8 23. Bg3 Bc7 24. b4 Rxd3 25.
Rxd3 Rd8 26. Rxd8+ Qxd8 27. Bh4 Qd6 28. Bxf6 Qxf6 29. Ne4 Qe7 30. Kf2 Bd6 31. Nc5 Bxc5 32. Qxc5 Qd7 1/2-1/2

[Event "*** Titled Tuesday Blitz"]
[Site "Chess.com"]
[Date "2020.05.26"]
[Round "5"]
[White "heartofatiger"]
[Black "mattcolins2025"]
[Result "1-0"]
[WhiteElo "2499"]
[BlackElo "2295"]
[TimeControl "180+1"]
[EndTime "10:54:44 PDT"]
[Termination "heartofatiger won by resignation"]

1. Nf3 Nf6 2. c4 g6 3. g3 Bg7 4. Bg2 O-O 5. O-O d6 6. Nc3 c6 7.
b3 e5 8. Bb2 a5 9. d3 Na6 10. a3 Bd7 11. Nd2 Qb6 12. Qc2 Nc5 13.
Rab1 Ne6 14. e3 Nc5 15. Ba1 Bf5 16. e4 Bd7 17. b4 axb4 18. axb4 Ne6 19. Ne2 Ng5 20.
c5 dxc5 21. bxc5 Qc7 22. Nc4 Nh3+ 23. Kh1 Ne8 24. Bc3 Ng5 25. Qb2 Bh3 26. Qxb7 Qd8 27. Nxe5 Bxe5 28. Bxe5 Ra2 29. Nf4 Bxg2+ 30. Kxg2 Ne6 31.
Nxe6 fxe6 32. Qb3 Rd2 33. Qxe6+ Rf7 34. d4 Ng7 35. Qxc6 Qg5 36. Rb8+ Rf8 37. Qd5+ 1-0

[Event "*** Titled Tuesday Blitz"]
[Site "Chess.com"]
[Date "2020.05.26"]
[Round "5"]
[White "Artem_Koval"]
[Black "kingmonkey2006"]
[Result "1-0"]
[WhiteElo "2421"]
[BlackElo "2561"]
[TimeControl "180+1"]
[EndTime "10:54:49 PDT"]
[Termination "Artem_Koval won on time"]

1. e4 d6 2. d4 Nd7 3. Nc3 e5 4. Nf3 g6 5. h4 h6 6. Be3 Bg7 7. Bc4 Ne7 8. Qd2 c6 9. O-O-O Qc7 10. Kb1 b5 11. Bb3 b4 12. Na4 a5 13. dxe5 dxe5 14.
Nc5 Nxc5 15. Bxc5 O-O 16. h5 Bg4 17. hxg6 Nxg6 18. Bxf8 Bxf8 19. Rxh6 Bxh6 20. Qxh6 1-0

[Event "*** Titled Tuesday Blitz"]
[Site "Chess.com"]
[Date "2020.05.26"]
[Round "5"]
[White "Xeniya2005"]
[Black "m_ezat"]
[Result "0-1"]
[WhiteElo "2288"]
[BlackElo "2492"]
[TimeControl "180+1"]
[EndTime "10:54:51 PDT"]
[Termination "m_ezat won by resignation"]

1. e4 c6 2. d4 d5 3. Nd2 dxe4 4. Nxe4 Nd7 5. Nf3 Ngf6 6. Neg5 h6 7. Nh3 g5 8. Nfg1 Qc7 9. Bd3 b6 10. Ne2 Bb7 11.
f3 O-O-O 12. Nf2 c5 13. c3 e6 14. Be3 Nd5 15. Bd2 cxd4 16. cxd4 Kb8 17. Ne4 N7f6 18. Rc1 Qd7 19. Bb5 Qxb5 20. O-O Be7 21. b3 Ka8 22. a4 Qd3 23. Nf2 Qg6 24. Ng3 Nf4 25. Be3 N6d5 26.
Re1 Nxe3 27. Rxe3 Bf6 28. Rc4 Qg7 29. Ne2 Nxe2+ 30. Qxe2 Bxd4 31. Rd3 Bc5 32. b4 Qa1+ 0-1

[Event "*** Titled Tuesday Blitz"]
[Site "Chess.com"]
[Date "2020.05.26"]
[Round "5"]
[White "mjray79"]
[Black "CraiggoryC"]
[Result "1-0"]
[WhiteElo "2288"]
[BlackElo "2112"]
[TimeControl "180+1"]
[EndTime "10:54:51 PDT"]
[Termination "mjray79 won on time"]

1. d4 Nf6 2. c4 d6 3. Nc3 Nbd7 4. e4 e5 5. d5 a5 6. Nge2 g6 7. Ng3 Bg7 8. Be2 Nc5 9. h4 h5 10. Bg5 Qd7 11. Qd2 a4 12. O-O Nh7 13. Bh6 Bf6 14.
Bg5 Bxg5 15. hxg5 Qe7 16. Nb5 h4 17. Nh1 h3 18. g4 Nxe4 19. Qe3 Nhxg5 20. Ng3 Rh4 21.
Nxe4 h2+ 22. Kh1 Nxe4 23. Qxe4 Bxg4 24. Bxg4 f5 25. Qd3 e4 26. Qe2 Rxg4 27. f3 Rh4 28. fxe4 Rxe4 29. Qg2 O-O-O 30. Qxg6 1-0

[Event "*** Titled Tuesday Blitz"]
[Site "Chess.com"]
[Date "2020.05.26"]
[Round "5"]
[White "lachesisQ"]
[Black "RaunakSadhwani2005"]
[Result "1-0"]
[WhiteElo "3156"]
[BlackElo "2831"]
[TimeControl "180+1"]
[EndTime "10:54:52 PDT"]
[Termination "lachesisQ won by resignation"]

1. e4 c6 2. Nf3 d5 3. d3 dxe4 4. dxe4 Qxd1+ 5. Kxd1 Nf6 6. Nfd2 g5 7. a4 g4 8. a5 Bg7 9. c3 Be6 10. Na3 Nbd7 11.
Bc4 Bxc4 12. Naxc4 Nc5 13. f3 O-O-O 14. Kc2 Nd3 15. Nb3 gxf3 16. gxf3 Nxc1 17. Raxc1 Bh6 18.
Rcd1 Rxd1 19. Kxd1 Rg8 20. Nd4 Rg2 21. Ne2 Kd7 22.
Ke1 Nh5 23. Kf1 Rg8 24. Kf2 Nf4 25. Rd1+ Kc7 26. Ng3 e6 27. Ne5 f6 28. Rd7+ Kc8 29. Rxh7 fxe5 30. Rxh6 Rd8 31. Nf1 Rg8 32. Ne3 Rd8 33.
Nc4 Rd1 34. Rh8+ Kc7 35. Rh7+ Kc8 36. Nxe5 1-0

[Event "*** Titled Tuesday Blitz"]
[Site "Chess.com"]
[Date "2020.05.26"]
[Round "5"]
[White "ElGasanov"]
[Black "velemajstor767276"]
[Result "1-0"]
[WhiteElo "2752"]
[BlackElo "2589"]
[TimeControl "180+1"]
[EndTime "10:54:52 PDT"]
[Termination "ElGasanov won by resignation"]

1. Nf3 Nf6 2. d4 e6 3. c4 Bb4+ 4. Nc3 b6 5. Qb3 c5 6. Bg5 h6 7.
Bh4 Bb7 8. Rd1 Nc6 9. e3 O-O 10. d5 exd5 11. cxd5 Na5 12. Qc2 d6 13. Be2 Qe7 14.
O-O Bxc3 15. Qxc3 Rfe8 16. Bb5 Rec8 17. Rfe1 Qd8 18. e4 a6 19. Bf1 b5 20. Bxf6 gxf6 21. Nh4 Kh7 22. Nf5 Rc7 23. Qxa5 1-0

[Event "*** Titled Tuesday Blitz"]
[Site "Chess.com"]
[Date "2020.05.26"]
[Round "5"]
[White "Parhamov"]
[Black "GukeshDommaraju"]
[Result "1-0"]
[WhiteElo "3091"]
[BlackElo "2672"]
[TimeControl "180+1"]
[EndTime "10:54:55 PDT"]
[Termination "Parhamov won by checkmate"]

1. e4 c5 2. Nf3 Nc6 3. d4 cxd4 4.
Nxd4 Nf6 5. Nc3 e5 6. Ndb5 d6 7. Bg5 a6 8. Na3 b5 9. Nd5 Be7 10. Bxf6 Bxf6 11. c3 Bg5 12. Nc2 Rb8 13. g3 O-O 14. h3 Ne7 15. Ncb4 Bb7 16. h4 Bh6 17. Bh3 a5 18. Nxe7+ Qxe7 19. Nd5 Qd8 20. O-O b4 21. c4 g6 22. Qd3 Bg7 23. Rad1 Bc6 24. b3 a4 25. Rd2 axb3 26. axb3 Re8 27. Rfd1 Qa5 28. Qf3 Qc5 29. h5 Rbd8 30. Nf6+ Bxf6 31. Qxf6 gxh5 32. Bf5 Kf8 33. Rxd6 Rxd6 34. Rxd6 Ba8 35. Rd7 Re7 36. Qh8# 1-0

[Event "*** Titled Tuesday Blitz"]
[Site "Chess.com"]
[Date "2020.05.26"]
[Round "5"]
[White "warmoatmeal"]
[Black "MFBerna"]
[Result "0-1"]
[WhiteElo "2150"]
[BlackElo "2399"]
[TimeControl "180+1"]
[EndTime "10:54:58 PDT"]
[Termination "MFBerna won by resignation"]

1. d4 Nf6 2. Nf3 e6 3. Bg5 Be7 4. e3 Ne4 5. Bxe7 Qxe7 6. Nbd2 Nxd2 7. Qxd2 O-O 8. Bd3 f5 9. c3 d6 10. e4 Nd7 11. O-O-O Nf6 12. exf5 exf5 13. Rhe1 Ne4 14. Qf4 Qf7 15. Bxe4 fxe4 16. Qxf7+ Rxf7 17. Rxe4 Bf5 18. Re3 Bg4 19. Rde1 Raf8 20. Re7 Bxf3 21. gxf3 Rxe7 22. Rxe7 Rf7 23. Re8+ Rf8 24. Rxf8+ Kxf8 25. Kd2 Kf7 26. Ke3 Kf6 27. Kf4 d5 28. h4 h5 29. b3 c6 30. a3 a6 31. a4 a5 32. b4 b6 33. bxa5 bxa5 34. Ke3 Kf5 35. Kd3 Kf4 36. Ke2 g5 37. hxg5 Kxg5 38. Kf1 Kf4 39. Kg2 h4 40. Kh3 Kxf3 41. Kxh4 Kxf2 42. Kg5 Ke3 43. Kf5 Kd3 44. Ke5 Kxc3 45. Kd6 Kxd4 46. Kxc6 Kc4 47. Kb6 Kb4 48. Kc6 d4 49. Kd5 d3 0-1

[Event "*** Titled Tuesday Blitz"]
[Site "Chess.com"]
[Date "2020.05.26"]
[Round "5"]
[White "SantoBlue"]
[Black "Ziachess74"]
[Result "1-0"]
[WhiteElo "2795"]
[BlackElo "2610"]
[TimeControl "180+1"]
[EndTime "10:54:59 PDT"]
[Termination "SantoBlue won on time"]

1. e4 c5 2. Nf3 d6 3. d4 cxd4 4. Nxd4 Nf6 5. Nc3 Nc6 6. Bg5 e6 7. Bb5 Bd7 8. Qd3 Be7 9. O-O-O a6 10. Bxc6 bxc6 11. e5 dxe5 12. Nf3 Ng4 13. Bxe7 Qxe7 14.
Qd2 f6 15. Ne4 Rd8 16. Nd6+ Kf8 17. Nb7 Rb8 18. Qxd7 Nxf2 19. Nxe5 Nxd1 20. Rxd1 Re8 21. Qxe7+ Rxe7 22. Nxc6 Re8 23. Rd7 h5 24. Nd6 1-0

[Event "*** Titled Tuesday Blitz"]
[Site "Chess.com"]
[Date "2020.05.26"]
[Round "5"]
[White "VishnuPrasanna"]
[Black "Mykola-Bortnyk"]
[Result "1-0"]
[WhiteElo "2655"]
[BlackElo "2890"]
[TimeControl "180+1"]
[EndTime "10:55:00 PDT"]
[Termination "VishnuPrasanna won by resignation"]

1. e4 Nf6 2. e5 Nd5 3. d4 d6 4.
Nf3 Nc6 5. c4 Nb6 6. e6 fxe6 7. h4 g6 8. h5 Bg7 9. hxg6 hxg6 10.
Rxh8+ Bxh8 11. Nc3 e5 12. d5 Nd4 13. Bd3 Qd7 14.
Bxg6+ Kd8 15. Ng5 c5 16. Nf7+ Kc7 17. Nxh8 Nxc4 18. Nf7 b5 19. Ng5 b4 20. Ne2 Nb6 21.
Nxd4 exd4 22. Ne6+ Kb7 23. Be4 Qe8 24. a3 Bxe6 25. dxe6+ d5 26. Bf3 a5 27. axb4 axb4 28.
Rxa8 Kxa8 29. Bg5 Qg6 30. Bxe7 d3 31. Bxc5 Qxe6+ 32. Kf1 Nd7 33. Bd4 Qa6 34. Bxd5+ Kb8 35. Kg1 Qb5 36. Be4 Qc4 37. Qxd3 Qc1+ 38. Kh2 Qh6+ 39. Qh3 1-0

[Event "*** Titled Tuesday Blitz"]
[Site "Chess.com"]
[Date "2020.05.26"]
[Round "5"]
[White "bsnsun"]
[Black "DinaBelenkaya"]
[Result "1-0"]
[WhiteElo "2485"]
[BlackElo "2254"]
[TimeControl "180+1"]
[EndTime "10:55:00 PDT"]
[Termination "bsnsun won on time"]

1. Nf3 d5 2. g3 Bg4 3. Bg2 c6 4. c4 e6 5. cxd5 exd5 6. O-O Nd7 7. d3 Bc5 8. Nc3 Ne7 9. Qb3 Qb6 10. Qc2 Bd6 11. e4 O-O 12. Re1 Rfe8 13. h3 Bxf3 14. Bxf3 d4 15. Ne2 Ne5 16. Bg2 f5 17. f4 Nd7 18. e5 Bb4 19. Bd2 Nd5 20. Bxd5+ cxd5 21. Bxb4 Qxb4 22. Rac1 Qa5 23. Qc7 Qxc7 24. Rxc7 Nb6 25. Nxd4 Na4 26. b3 Nb2 27. Rec1 1-0

[Event "*** Titled Tuesday Blitz"]
[Site "Chess.com"]
[Date "2020.05.26"]
[Round "5"]
[White "Zmeeed63"]
[Black "kingnb"]
[Result "0-1"]
[WhiteElo "2230"]
[BlackElo "2478"]
[TimeControl "180+1"]
[EndTime "10:55:01 PDT"]
[Termination "kingnb won by resignation"]

1. d4 d6 2. c4 e5 3. d5 f5 4. Nc3 Nf6 5. Bg5 h6 6. Bxf6 Qxf6 7. e4 Be7 8. Bd3 O-O 9. Qc2 Na6 10.
a3 Nc5 11. Nf3 fxe4 12. Bxe4 Nxe4 13. Nxe4 Qg6 14. O-O-O Bf5 15. Nfd2 Qxg2 16. Rdg1 Qxf2 17. Nxf2 Bxc2 18. Ng4 Bd3 19. Nxh6+ Kh7 20. Ng4 Bg5 21. b3 Be4 22. h4 Bxd2+ 23. Kxd2 Bxh1 24. Rxh1 Rf4 25. Ne3 Raf8 26. Rh2 Rf2+ 27. Rxf2 Rxf2+ 28. Kd3 Rf4 29. b4 Rxh4 30. c5 g5 31. cxd6 cxd6 32. Nf5 Rd4+ 33.
Ke3 Rxd5 0-1

[Event "*** Titled Tuesday Blitz"]
[Site "Chess.com"]
[Date "2020.05.26"]
[Round "5"]
[White "MNyuyu"]
[Black "Future2700"]
[Result "1-0"]
[WhiteElo "2309"]
[BlackElo "2411"]
[TimeControl "180+1"]
[EndTime "10:55:01 PDT"]
[Termination "MNyuyu won on time"]

1. d4 Nf6 2. Nf3 b6 3. Bf4 Bb7 4. e3 d6 5. Bd3 g6 6. h3 Bg7 7.
c3 Nbd7 8. Qe2 e6 9. Nbd2 Qe7 10. Bh2 e5 11. dxe5 dxe5 12. Ba6 Bxa6 13. Qxa6 O-O 14.
O-O c5 15. Rfd1 e4 16. Ne1 Ne5 17. Nc4 Nxc4 18. Qxc4 Rad8 19. Bg3 Rfe8 20. Bh4 Qe5 21. Bxf6 Bxf6 22. Nc2 Kg7 23. Na3 Be7 24. Qe2 Bd6 25.
g3 Bb8 26. Nc4 Qe6 27. Kg2 h5 28. h4 f6 29. a4 g5 30. hxg5 fxg5 31. Qxh5 Rxd1 32.
Rxd1 Qe7 33. Rh1 Rg8 34. Qh7+ Kf8 35. Qf5+ Qf7 36. Qxe4 1-0

[Event "*** Titled Tuesday Blitz"]
[Site "Chess.com"]
[Date "2020.05.26"]
[Round "5"]
[White "Lagravesamuell"]
[Black "Mbneu"]
[Result "1/2-1/2"]
[WhiteElo "2464"]
[BlackElo "2231"]
[TimeControl "180+1"]
[EndTime "10:55:02 PDT"]
[Termination "Game drawn by repetition"]

1. d4 Nf6 2. c4 c5 3. d5 e6 4. Nc3 exd5 5. cxd5 d6 6. e4 g6 7. f4 Bg7 8. Bb5+ Bd7 9. e5 Nh5 10. Nf3 O-O 11. O-O Bg4 12. Re1 dxe5 13. fxe5 Nd7 14. Bxd7 Qxd7 15. h3 Bxh3 16. gxh3 Qxh3 17. Qe2 Rae8 18. Qg2 Qf5 19. Qe2 Qg4+ 20. Qg2 Qf5 21. Nh4 Qd3 22. Nf3 Qf5 1/2-1/2

[Event "*** Titled Tuesday Blitz"]
[Site "Chess.com"]
[Date "2020.05.26"]
[Round "5"]
[White "Shota_Azaladze"]
[Black "Kostya26"]
[Result "1-0"]
[WhiteElo "2828"]
[BlackElo "2453"]
[TimeControl "180+1"]
[EndTime "10:55:03 PDT"]
[Termination "Shota_Azaladze won by resignation"]

1. Nf3 d5 2. g3 Nf6 3. Bg2 Bf5 4. O-O e6 5. d3 h6 6. c4 c6 7.
Nc3 Be7 8. Be3 dxc4 9. dxc4 Qxd1 10. Rfxd1 O-O 11. Ne5 Rd8 12. b4 Nbd7 13. Nxd7 Rxd7 14.
Rxd7 Nxd7 15. b5 Bf6 16. Rc1 Nb6 17. bxc6 bxc6 18. Bxc6 Rc8 19. Bb5 Nxc4 20. Na4 Nd6 21. Rxc8+ Nxc8 22. Bd7 Ne7 23. Bxa7 Bb1 24. a3 Nd5 25.
Bc5 Bd8 26. Bc6 Ne7 27. Bb7 f5 28. Nc3 Bc2 29. Bb4 Kf7 30. a4 e5 31. a5 Ke6 32. a6 Bb6 33. Nb5 Nd5 34. Bxd5+ Kxd5 35. a7 1-0